 Dungeon Crawl Stone Soup version 0.28.0-53-g5a82cb258f (webtiles) character file.

Game seed: 16286456801294979984

7 Zeld the Conjurer (level 1, 0/10 HPs)
             Began as a Deep Elf Conjurer on May 24, 2022.
             Slain by a quokka (2 damage)
             ... on level 1 of the Dungeon.
             The game lasted 00:00:42 (352 turns).

Zeld the Conjurer (Deep Elf Conjurer)                Turns: 352, Time: 00:00:43

Health: 0/10       AC:  3    Str:  4    XL:     1   Next: 83%
Magic:  3/6        EV: 12    Int: 22    God:
Gold:   24         SH:  0    Dex: 13    Spells: 5/6 levels left

rFire   . . .      SeeInvis .   (no weapon)
rCold   . . .      Faith    .   (no shield)
rNeg    . . .      Spirit   .   a - +0 robe
rPois   .          Reflect  .   (no helmet)
rElec   .          Harm     .   (no cloak)
rCorr   .          Rampage  .   f - +0 pair of gloves
Will    .....                   (no boots)
Stlth   ++........              (no amulet)
HPRegen 0.03/turn               (no ring)
MPRegen 0.10/turn               (no ring)

@: no status effects
A: no striking features
a: no special abilities


You were on level 1 of the Dungeon.
You visited 1 branch of the dungeon, and saw 1 of its levels.

You collected 24 gold pieces.

Inventory:

Armour
 a - a +0 robe (worn)
 f - a +0 pair of gloves (worn)
Scrolls
 b - a scroll of summoning {unknown}
 c - a scroll of identify {unknown}
 d - a scroll of vulnerability {unknown}
Potions
 e - a potion of invisibility {unknown}


   Skills:
 - Level 2.4 Dodging
 - Level 2.4 Stealth
 + Level 3.1 Spellcasting
 + Level 4.4 Conjurations
 * Level 1.0 Hexes
 * Level 0.7 Translocations


You had 5 spell levels left.
You knew the following spells:

 Your Spells              Type           Power      Damage    Failure   Level
a - Magic Dart            Conj           92%        1d7       1%          1

Your spell library contained the following spells:

 Spells                   Type           Power      Damage    Failure   Level
 Searing Ray              Conj           46%        2d6       3%          2
 Dazzling Flash           Conj/Hex       30%        N/A       12%         3
 Fulminant Prism          Conj/Hex       7%         3d7       36%         4
 Iskenderun's Mystic Bla  Conj/Tloc      14%        2d5       38%         4


Dungeon Overview and Level Annotations

Branches:
Dungeon (1/15)

Altars:


Message History

Casting: Magic Dart (safe; 1% risk of failure)
Confirm with . or Enter, or press ? or * to list all spells.
Aiming: Magic Dart (safe; 1% risk of failure)
Press: ? - help, Shift-Dir - straight line, f/p - quokka
Aim: a quokka (100% to hit)
The magic dart hits the quokka but does no damage.
Unknown command.
Casting: Magic Dart (safe; 1% risk of failure)
Confirm with . or Enter, or press ? or * to list all spells.
Aiming: Magic Dart (safe; 1% risk of failure)
Press: ? - help, Shift-Dir - straight line, f/p - quokka
Aim: a quokka (100% to hit)
The magic dart hits the quokka but does no damage.
A hobgoblin comes into view.
The hobgoblin shouts!
A kobold comes into view. It is wielding a +0 dagger.
A hobgoblin comes into view.
The kobold shouts!
The hobgoblin shouts!
Found a faded altar of an unknown god.
The hobgoblin hits you.
Casting: Magic Dart (safe; 1% risk of failure)
Confirm with . or Enter, or press ? or * to list all spells.
Aiming: Magic Dart (safe; 1% risk of failure)
Press: ? - help, Shift-Dir - straight line, f/p - quokka
Aim: a quokka (100% to hit)
The magic dart hits the quokka.
The quokka is lightly wounded.
The hobgoblin misses you.
Unknown command.
Unknown command.
You hit the quokka but do no damage.
The quokka is lightly wounded.
The quokka closely misses you. The hobgoblin hits you.
The kobold hits you with a +0 dagger. The quokka closely misses you.
The hobgoblin barely misses you. The kobold hits you but does no damage.
The hobgoblin hits you. The kobold closely misses you. The quokka bites you.
* * * LOW HITPOINT WARNING * * *
The kobold closely misses you. The quokka bites you.
You die...

# #......# # #......# #
###......# # ........# #
######.!...[# #
###...###.....# #
##.......##.!..# #
#8...8..@....############
#_....gKr8...............
#8...8.g.................
##.......##..#######.#.##
###...####### #.#.#.
##### #.#.#. #.#.#.
#.#.#. #####'#.#.


You could see a quokka, 2 hobgoblins and a kobold.

Vanquished Creatures
  A goblin (D:1)
  4 jackals (D:1)
5 creatures vanquished.

Notes
Turn   | Place    | Note
-------+----------+-------------------------------------------
     0 | D:1      | Zeld the Deep Elf Conjurer began the quest for the Orb.
     0 | D:1      | Reached XP level 1. HP: 10/10 MP: 6/6
   170 | D:1      | Reached skill level 1 in Hexes
   345 | D:1      | Found a faded altar of an unknown god.
   352 | D:1      | Slain by a quokka

Illustrated notes

Levels and vault maps discovered:
D:1:      minmay_arrival_open_corners, layout_basic,
          hellmonk_ecumenical_altar_prayer_group, chequers_serial_rivers_marsh,
          chequers_avenue

Skill      XL: |  1 |
---------------+----+-----
Hexes          | 1 |  1.0
Dodging        | |  2.4
Stealth        | |  2.4
Spellcasting   | |  3.1
Conjurations   | |  4.4
Translocations | |  0.7

Action                   || total
-------------------------++-------
Melee: Unarmed           ||     1
 Cast: Magic Dart        ||    14
Armor: Robe              ||     1
Dodge: Dodged            ||     6
